 Dungeon Crawl Stone Soup version 0.25-a0-36-g303dd5b1f4 (webtiles) character file.

Game seed: 6099156947468488890, levelgen mode: deterministic

91529 Flugkiller the Transmogrifier (level 16, 0/160 HPs)
             Began as an Octopode Enchanter on Oct 20, 2019.
             Was a High Priest of Uskayaw.
             Slain by a hellwing (10 damage)
             ... summoned by an orc high priest
             ... on level 2 of the Orcish Mines.
             The game lasted 01:31:56 (42698 turns).

Flugkiller the Transmogrifier (Octopode Enchanter) Turns: 42698, Time: 01:31:57

Health: 0/160      AC: 16    Str: 18    XL:     16   Next: 3%
Magic:  26/32      EV: 11    Int: 28    God:    Uskayaw [*****.]
Gold:   1094       SH:  0    Dex: 13    Spells: 11/39 levels left

rFire    + + +     SeeInvis .     - Unarmed
rCold    x . .     Gourm    .   (shield currently unavailable)
rNeg     . . .     Faith    +   (helmet currently unavailable)
rPois    +         Spirit   .   X - amulet of faith
rElec    .         Reflect  .   x - ring of protection from fire
rCorr    .         Harm     .   U - +5 ring of intelligence
MR       +....                  (no ring)
Stlth    ++++......             (no ring)
HPRegen  0.36/turn              (no ring)
MPRegen  0.23/turn              (no ring)
                                (no ring)
                                (no ring)

@: about to teleport, dragon-form, flying
A: giant, almost no armour, stealthy swim, amphibious, 8 rings, (constrict 8)
a: End Transformation, Stomp, Line Pass, Grand Finale, Renounce Religion,
Breathe Fire


You were on level 2 of the Orcish Mines.
You worshipped Uskayaw.
Uskayaw was noncommittal.
You were not hungry.
You were a fearsome dragon!
You visited 3 branches of the dungeon, and saw 23 of its levels.
You also visited: Ossuary.

You collected 2474 gold pieces.
You spent 1380 gold pieces at shops.

Inventory:

Hand Weapons
 a - the +2 dagger of the Harvest (melded) {drain, rC+ Str+6 Dex+4}
   (You found it on level 8 of the Dungeon)

   A truly terrible weapon, it drains the life of those it strikes.
   It affects your strength (+6).
   It affects your dexterity (+4).
   It protects you from cold.
 b - a +0 dagger of venom
   (You found it on level 4 of the Dungeon)
 i - the +8 arbalest "Xymoplon" {flame, MP+9}
   (You found it on level 15 of the Dungeon)

   It causes projectiles fired from it to burn those they strike, causing extra
   injury to most foes and up to half again as much damage against particularly
   susceptible opponents.
   It affects your magic capacity (+9).
 K - a +3 longbow of velocity
   (You took it off a centaur warrior on level 10 of the Dungeon)
Missiles
 e - 257 arrows
 m - 3 throwing nets
 r - 43 poisoned darts (quivered)
 P - 10 curare-tipped darts
Armour
 L - a +1 hat of see invisible (melded)
   (You took it off Gastronok on level 11 of the Dungeon)
Jewellery
 j - an uncursed amulet of rage
   (You found it on level 2 of the Dungeon)
 x - a ring of protection from fire (left foreclaw)
   (You found it on level 3 of the Dungeon)
 U - a +5 ring of intelligence (right foreclaw)
   (You found it on level 6 of the Lair of Beasts)
 X - an amulet of faith (around neck)
   (You found it on level 12 of the Dungeon)
Wands
 l - a wand of iceblast (17)
   (You found it on level 11 of the Dungeon)
 v - a wand of clouds (1)
   (You found it on level 13 of the Dungeon)
 F - a wand of paralysis (8)
   (You found it on level 8 of the Dungeon)
 I - a wand of flame (68)
   (You found it on level 8 of the Dungeon)
 N - a wand of digging (11)
   (You took it off Sonja on level 2 of the Lair of Beasts)
 Y - a wand of disintegration (10)
   (You found it on level 12 of the Dungeon)
Scrolls
 c - 2 scrolls of enchant armour
 f - a scroll of amnesia
 h - 9 scrolls of fog
 k - 4 scrolls of teleportation
 p - 4 scrolls of enchant weapon
 t - 2 scrolls of magic mapping
 y - 17 scrolls of remove curse
 D - 6 scrolls of immolation
 E - a scroll of brand weapon
 G - a scroll of holy word {unknown}
 H - a scroll of summoning {unknown}
 J - a scroll of acquirement {unknown}
 O - a scroll of vulnerability {unknown}
 T - 2 scrolls of random uselessness {unknown}
Potions
 g - 6 potions of flight
 n - 2 potions of ambrosia {unknown}
 o - 5 potions of agility
 q - a potion of heal wounds
 u - 3 potions of berserk rage
 w - 8 potions of curing
 A - 2 potions of lignification
 B - 4 potions of haste
 C - 2 potions of brilliance
 M - 2 potions of might {unknown}
 R - 2 potions of mutation {unknown}
 S - a potion of resistance
Miscellaneous
 s - a phantom mirror
 V - a phial of floods
   (You found it on level 6 of the Lair of Beasts)
 W - a lamp of fire
   (You found it on level 6 of the Lair of Beasts)
Comestibles
 d - 26 rations
 z - 11 chunks of flesh


   Skills:
 + Level 8.8 Fighting
 - Level 4.1 Short Blades
 - Level 11.0 Dodging
 - Level 10.2 Stealth
 + Level 10.6 Unarmed Combat
 - Level 12.0 Spellcasting
 - Level 9.0 Hexes
 - Level 13.0 Transmutations
 - Level 7.1 Invocations


You had 11 spell levels left.
You knew the following spells:

 Your Spells              Type           Power        Failure   Level  Hunger
a - Corona                Hex            ######.      1%          1    None
b - Ensorcelled Hibernat  Hex/Ice        #####.       1%          2    None
c - Confuse               Hex            ######..     1%          3    None
d - Tukima's Dance        Hex            ######..     1%          3    None
e - Sticks to Snakes      Tmut           ######..     1%          2    None
f - Blade Hands           Tmut           ######....   1%          5    ###....
g - Conjure Flame         Conj/Fire      ###.....     10%         3    None
h - Dragon Form           Tmut           ######....   13%         7    ######.
r - Blink                 Tloc           N/A          4%          2    None

Your spell library contained the following spells:

 Spells                   Type           Power        Failure   Level  Hunger
 Beastly Appendage        Tmut           ######       0%          1    None
 Confusing Touch          Hex            ######       1%          1    None
 Slow                     Hex            ######..     1%          2    None
 Dazzling Spray           Conj/Hex       #####.       1%          3    None
 Spider Form              Tmut/Pois      ######....   1%          3    None
 Cause Fear               Hex            ######....   1%          4    None
 Ice Form                 Ice/Tmut       ######..     2%          4    None
 Animate Skeleton         Necr           N/A          3%          1    None
 Apportation              Tloc           ###...       3%          1    None
 Flame Tongue             Conj/Fire      ###..        3%          1    None
 Magic Dart               Conj           ###.         3%          1    None
 Shock                    Conj/Air       ###.         3%          1    None
 Summon Small Mammal      Summ           ###.         3%          1    None
 Call Imp                 Summ           ###.....     4%          2    None
 Swiftness                Chrm/Air       ###.....     4%          2    None
 Mephitic Cloud           Conj/Pois/Air  ###.....     10%         3    None
 Static Discharge         Conj/Air       ###.....     10%         3    None
 Airstrike                Air            ###.......   32%         4    None
 Bolt of Magma            Conj/Fire/Erth ###.......   65%         5    ###....
 Iskenderun's Battlesphe  Conj/Chrm      ###.....     65%         5    ###....
 Lightning Bolt           Conj/Air       ###.......   65%         5    ###....
 Venom Bolt               Conj/Pois      ###.......   65%         5    ###....
 Bolt of Fire             Conj/Fire      ###.......   99%         6    #####..
 Iron Shot                Conj/Erth      ###.......   99%         6    #####..
 Orb of Destruction       Conj           ###.......   100%        7    ######.
 Spellforged Servitor     Conj/Summ      ###.......   100%        7    ######.
 Dragon's Call            Summ           ###.......   100%        9    #######


Dungeon Overview and Level Annotations

Branches:
Dungeon (15/15)            Temple (0/1) D:7            Lair (6/6) D:11
  Swamp (0/4) Lair:2        Snake (0/4) Lair:2        Slime (0/5) Lair:5
    Orc (2/2) D:9          Vaults (0/5) D:13         Depths (0/5) D:15
Ossuary (visited)
    Elf: Orc:2

Altars:
Ashenzari
Cheibriados
Dithmenos
Fedhas
Gozag
Hepliaklqana
Makhleb
Qazlal
Ru
Sif Muna
Trog
Uskayaw
Vehumet
Wu Jian
Beogh
Jiyva

Shops:
D:10 :}   Orc:2 =[

Annotations:
D:8 exclusions: adder, centaur warrior and deep elf mage
D:10 Erica, Snorg
D:13 exclusion: 2 meliai, Urug
Lair:1 exclusions: crocodile and hydra
Lair:6 1 runed translucent door


Innate Abilities, Weirdness & Mutations

You cannot wear most types of armour.
You are very stealthy in the water. (Stealth+)
You are amphibious.
You can wear up to eight rings at the same time.
((You can use your tentacles to constrict eight enemies at once.))
((Your skin changes colour to match your surroundings (Stealth+).))
((Your rubbery body absorbs attacks. (AC +1, EV +1)))


Message History

* * * LOW HITPOINT WARNING * * *
You maul the orc knight!!!
You kill the orc knight!
The hellwing barely misses you. The hellwing hits you.
* * * LOW HITPOINT WARNING * * *
The orc warrior barely misses you.
Some of the chunks of flesh in your inventory have rotted away.
Uskayaw links your audience in an emotional bond!
Aiming: Grand Finale
Press: ? - help, Shift-Dir - straight line, f - hellwing
Aim: a hellwing (sharing its pain, summoned) Unknown command.
The orc warrior no longer looks unusually strong.
The orc high priest utters an invocation to Beogh.
The orc high priest hits the fungus with a cursed +0 halberd.
Unknown command.
The hellwing disappears in a puff of smoke!
The smoke demon gestures at you. Beogh smites you!
* * * LOW HITPOINT WARNING * * *
The hellwing swoops through the air toward you!
The hellwing barely misses you.
The hellwing hits you but does no damage.
The orc high priest hits the fungus with a cursed +0 halberd!
The fungus is destroyed!
Uskayaw links your audience in an emotional bond!
The hellwing hits you.
* * * LOW HITPOINT WARNING * * *
The hellwing hits you.
* * * LOW HITPOINT WARNING * * *
Okay, then.
Unknown command.
As you read the scroll of teleportation, it crumbles to dust.
You feel strangely unstable.
The orc warlord roars a battlecry!
The orc high priest calls down the wrath of Beogh upon you.
Beogh smites you!
* * * LOW HITPOINT WARNING * * *
The ice devil hits the fungus!
The ice devil freezes the fungus!
The hellwing swoops through the air toward you!
The hellwing hits you but does no damage.
The hellwing barely misses you.
The hellwing hits you but does no damage. x2
The soul eater draws from the surrounding life force!
* * * LOW HITPOINT WARNING * * *
The smoke demon gestures at you. Beogh smites you!
* * * LOW HITPOINT WARNING * * *
The hellwing hits you!
You die...

##............#............#
##.#........##.......P......
##.....#..####...P.P.P.....
##..#.....P.P###...........
#........P...........#.....
##.#.......P...............
##...........P......
##.#<..P.....P.P.#.....
#.........∩4D.....#.....
##..........4............
###......833............
##..PP.o.P4.##..#.....
#...P..P..).#.........
#.......o3#o#o........
##........o)o.........
###..........$.......
#...................


You could see an orc warlord, a soul eater, 2 orc high priests, a sun demon, 2
hellwings, an ice devil, a smoke demon and 2 orc warriors.

Vanquished Creatures
  Gastronok (D:11)
  A ghoul (D:15)
  A yaktaur captain (D:15)
  2 rakshasas
  4 hydras
  A vault guard (D:13)
  3 centaur warriors
  A two-headed ogre (D:11)
  A deep troll earth mage (D:15)
  A death yak (Lair:6)
  2 orc high priests (Orc:2)
  Sonja (Lair:2)
  2 tengu warriors
  6 skeletal warriors (D:15)
  An unseen horror (shapeshifter) (D:15)
  2 unseen horrors
  A flayed ghost (D:15)
  A wolf spider zombie (D:15)
  3 orc knights
  3 deep elf magi
  An orb spider (shapeshifter) (D:15)
  A necromancer (D:15)
  2 wolf spiders (Lair:6)
  3 cyclopes
  4 ugly things
  4 manticores
  An orc sorcerer (Orc:2)
  A spriggan zombie (D:15)
  6 black mambas
  10 elephants (Lair:5)
  Maurice (D:10)
  7 torpor snails
  A gargoyle (D:9)
  A guardian serpent (Lair:6)
  15 spiny frogs
  2 spriggan skeletons (D:15)
  A rime drake (Lair:3)
  An efreet (D:14)
  A freezing wraith (D:14)
  10 komodo dragons
  3 kobold demonologists (D:11)
  A tengu conjurer (D:13)
  6 meliai
  4 tyrant leeches (Lair:6)
  A polar bear (Lair:2)
  A queen bee (Lair:5)
  7 trolls
  A harpy skeleton (D:14)
  10 hippogriffs
  10 hornets
  A deep troll zombie (D:15)
  17 blink frogs
  13 slime creatures
  4 snapping turtles (D:14)
  4 shadows
  3 redbacks (Lair:6)
  3 water elementals (D:14)
  2 wraiths
  8 wyverns
  A fire elemental (D:14)
  30 yaks
  5 hungry ghosts
  3 basilisks
  4 vampire mosquitoes (D:15)
  7 wargs (Orc:2)
  3 soldier ants
  2 acid dragons
  19 water moccasins
  8 porcupines
  4 black bears
  5 sky beasts
  3 phantoms
  25 orc warriors
  4 ice beasts
  2 hornet zombies (D:15)
  2 necrophages
  A boggart (D:15)
  10 wolves
  10 centaurs
  13 ogres
  14 crocodiles
  2 big kobolds
  12 bullfrogs
  A wyvern zombie (D:12)
  A wyvern skeleton (D:14)
  2 troll zombies (D:9)
  5 scorpions
  19 killer bees
  13 wights
  3 electric eels (D:14)
  6 howler monkeys
  2 bullfrog zombies
  3 centaur zombies
  7 crimson imps
  5 hounds
  5 quasits
  A jelly (D:11)
  12 orc wizards
  2 centaur skeletons
  A gnoll shaman (D:6)
  21 orc priests
  4 bullfrog skeletons
  3 iguanas
  13 worker ants
  Terence (D:3)
  A killer bee zombie (D:7)
  A big kobold zombie (Ossuary)
  4 ogre zombies (D:9)
  A hound skeleton (D:7)
  4 mummies
  Robin (D:3)
  2 worker ant zombies
  8 gnolls
  2 howler monkey skeletons
  11 adders
  4 shadow imps
  An ooze (D:2)
  An adder zombie (D:9)
  4 dart slugs
  2 leopard geckos (D:1)
  70 orcs
  A ball python (D:1)
  2 giant cockroaches (D:1)
  A gnoll zombie (Ossuary)
  17 goblins
  10 hobgoblins
  12 jackals
  2 quokkas
  10 bats
  6 frilled lizards
  2 goblin skeletons (D:9)
  A goblin zombie (D:9)
  4 hobgoblin skeletons (D:9)
  4 hobgoblin zombies
  13 kobolds
  3 kobold zombies (Ossuary)
  10 orc zombies
  6 rats
  A plant (Lair:6)
751 creatures vanquished.

Vanquished Creatures (collateral kills)
  A two-headed ogre (D:12)
  An ogre mage (D:15)
  A deep elf mage (D:15)
  An orc sorcerer (Orc:2)
  4 ugly things (D:14)
  A spiny frog (Lair:6)
  A freezing wraith (D:15)
  A hornet (Lair:6)
  A water moccasin (Lair:6)
  2 orc warriors
  An orc priest (D:10)
  A shadow imp (D:5)
  8 orcs
24 creatures vanquished.

Vanquished Creatures (others)
  6 dancing weapons
  A wyvern skeleton (D:13)
  26 fungi
  25 plants
  A withered plant (D:15)
59 creatures vanquished.

Grand Total: 834 creatures vanquished

Notes
Turn   | Place    | Note
-------+----------+-------------------------------------------
     0 | D:1      | Flugkiller the Octopode Enchanter began the quest for the
                  | Orb.
     0 | D:1      | Reached XP level 1. HP: 11/11 MP: 3/3
   127 | D:1      | Reached skill level 1 in Fighting
   142 | D:1      | Reached XP level 2. HP: 18/18 MP: 5/5
   665 | D:1      | Reached XP level 3. HP: 22/23 MP: 6/6
   690 | D:1      | Learned a level 2 spell: Ensorcelled Hibernation
   701 | D:1      | Learned a level 3 spell: Confuse
  1666 | D:2      | Reached XP level 4. HP: 28/28 MP: 7/7
  1746 | D:2      | Found a bloodstained altar of Trog.
  2329 | D:3      | Reached skill level 5 in Hexes
  2760 | D:3      | Reached XP level 5. HP: 33/33 MP: 4/8
  2780 | D:3      | Found an ornate altar of the Wu Jian Council.
  2999 | D:3      | Reached skill level 5 in Stealth
  3543 | D:3      | Found a hide-covered altar of Uskayaw.
  3544 | D:3      | Noticed Robin
  3565 | D:3      | Reached XP level 6. HP: 37/38 MP: 7/9
  3596 | D:3      | Became a worshipper of Uskayaw the Reveler
  3642 | D:3      | Reached * piety under Uskayaw
  3696 | D:3      | Killed Robin
  3832 | D:3      | Reached ** piety under Uskayaw
  3910 | D:3      | Learned a level 3 spell: Tukima's Dance
  4276 | D:3      | Noticed Terence
  4309 | D:3      | Killed Terence
  4569 | D:4      | Reached XP level 7. HP: 43/43 MP: 11/11
  4965 | D:4      | Found a shimmering blue altar of Sif Muna.
  5099 | D:5      | Entered Level 5 of the Dungeon
  5119 | D:5      | Found a blossoming altar of Fedhas.
  5176 | D:5      | Found a sand-covered staircase.
  5315 | Ossuary  | Entered an ossuary
  5464 | Ossuary  | Reached *** piety under Uskayaw
  6858 | D:5      | Reached XP level 8. HP: 8/48 MP: 9/14
  7528 | D:6      | Found a radiant altar of Vehumet.
  7784 | D:6      | Found a sacrificial altar of Ru.
  8399 | D:6      | Found a hazy altar of Hepliaklqana.
  8513 | D:7      | Found a staircase to the Ecumenical Temple.
  8630 | D:7      | Reached skill level 5 in Dodging
  8630 | D:7      | Reached XP level 9. HP: 44/56 MP: 8/15
  9697 | D:7      | Reached skill level 5 in Invocations
  9870 | D:7      | Found a shattered altar of Ashenzari.
 10432 | D:8      | Found a stormy altar of Qazlal.
 10563 | D:8      | Found a snail-covered altar of Cheibriados.
 10802 | D:8      | Noticed a centaur warrior
 10916 | D:8      | Noticed a deep elf mage
 10929 | D:8      | Got a bone dagger
 10940 | D:8      | Identified the +2 dagger of the Harvest {drain, rC+ Str+6
                  | Dex+4} (You found it on level 8 of the Dungeon)
 11014 | D:8      | Found a burning altar of Makhleb.
 11305 | D:8      | Reached skill level 5 in Fighting
 11365 | D:8      | Reached XP level 10. HP: 59/66 MP: 9/16
 11569 | D:9      | Found a staircase to the Orcish Mines.
 11695 | D:9      | Reached **** piety under Uskayaw
 11724 | D:9      | Reached ***** piety under Uskayaw
 11899 | D:9      | Found an opulent altar of Gozag.
 13634 | D:10     | Entered Level 10 of the Dungeon
 13649 | D:10     | Found a roughly hewn altar of Beogh.
 14172 | D:10     | Found Keophuq's Book Shop.
 14287 | D:10     | Noticed Snorg
 14358 | D:10     | Noticed a centaur warrior
 14379 | D:10     | Killed a centaur warrior
 14379 | D:10     | Reached skill level 10 in Stealth
 14591 | D:10     | Noticed a gargoyle
 14614 | D:9      | Killed a gargoyle
 14614 | D:9      | Reached skill level 5 in Spellcasting
 14614 | D:9      | Reached XP level 11. HP: 72/72 MP: 4/18
 14702 | D:10     | Noticed Maurice
 14830 | D:10     | Killed Maurice
 14941 | D:10     | Found Sagocwuo's Gadget Boutique.
 15042 | D:10     | Noticed Erica
 15336 | D:10     | Bought a book of Changes for 300 gold pieces
 16240 | D:11     | Noticed a cyclops
 16246 | D:11     | Killed a cyclops
 16299 | D:11     | Noticed a two-headed ogre
 16334 | D:11     | Killed a two-headed ogre
 16463 | D:11     | Learned a level 2 spell: Sticks to Snakes
 16602 | D:11     | Reached skill level 1 in Transmutations
 16793 | D:11     | Reached skill level 2 in Transmutations
 17087 | D:11     | Noticed Gastronok
 17134 | D:11     | Killed Gastronok
 17134 | D:11     | Reached skill level 5 in Transmutations
 17844 | D:11     | Reached skill level 6 in Transmutations
 18037 | D:11     | Found a staircase to the Lair.
 18217 | D:11     | Noticed a manticore
 18440 | D:11     | Killed a manticore
 18440 | D:11     | Reached skill level 7 in Transmutations
 18865 | D:11     | Learned a level 5 spell: Blade Hands
 18866 | Lair:1   | Entered Level 1 of the Lair of Beasts
 18879 | Lair:1   | Reached skill level 1 in Unarmed Combat
 18879 | Lair:1   | Reached XP level 12. HP: 55/79 MP: 21/21
 19280 | D:11     | Learned a level 2 spell: Blink
 19284 | D:11     | Learned a level 3 spell: Conjure Flame
 19312 | Lair:1   | Noticed a seven-headed hydra
 19380 | Lair:1   | Noticed a seven-headed hydra
 19836 | Lair:1   | Reached skill level 5 in Unarmed Combat
 20076 | Lair:1   | Killed a seven-headed hydra
 20912 | Lair:2   | Noticed Sonja
 20921 | Lair:2   | Killed Sonja
 21067 | Lair:2   | Found a staircase to the Swamp.
 21235 | Lair:2   | Found a staircase to the Snake Pit.
 22477 | Lair:2   | Reached skill level 10 in Unarmed Combat
 22624 | Lair:3   | Reached XP level 13. HP: 80/83 MP: 10/22
 23706 | Lair:4   | You fall into a shaft and drop 2 floors!
 23706 | Lair:6   | Entered Level 6 of the Lair of Beasts
 23958 | Lair:5   | Reached skill level 8 in Transmutations
 24176 | Lair:5   | HP: 4/86 [elephant (9)]
 25507 | Lair:5   | Reached skill level 10 in Dodging
 25746 | Lair:5   | Found a viscous altar of Jiyva.
 25746 | Lair:5   | Found a staircase to the Slime Pits.
 27431 | Lair:6   | Reached skill level 9 in Transmutations
 28358 | Lair:6   | Reached XP level 14. HP: 62/94 MP: 2/23
 28801 | Lair:6   | Reached skill level 10 in Transmutations
 29324 | Lair:6   | Paralysed by a hornet for 2 turns
 29999 | Lair:6   | Paralysed by a hornet for 2 turns
 30000 | Lair:6   | HP: 3/95 [hornet (3)]
 31185 | Lair:6   | Found a runed translucent door.
 31872 | D:10     | Bought a book of the Dragon for 1080 gold pieces
 33563 | D:12     | Reached skill level 11 in Transmutations
 34340 | D:13     | Noticed Urug
 35625 | D:13     | Found a gate to the Vaults.
 35760 | D:14     | Reached XP level 15. HP: 65/100 MP: 20/27
 36723 | D:14     | Reached skill level 12 in Transmutations
 38418 | D:14     | Learned a level 7 spell: Dragon Form
 38421 | D:15     | Entered Level 15 of the Dungeon
 39074 | D:15     | Noticed a ghoul
 39282 | D:15     | Killed a ghoul
 39654 | D:15     | Reached ****** piety under Uskayaw
 39666 | D:15     | Reached skill level 10 in Spellcasting
 40008 | D:15     | Reached skill level 13 in Transmutations
 40644 | D:15     | Found a staircase to the Depths.
 40955 | D:15     | Found a shadowy altar of Dithmenos.
 41163 | D:15     | Got a slimy arbalest
 41164 | D:15     | Identified the +8 arbalest "Xymoplon" {flame, MP+9} (You
                  | found it on level 15 of the Dungeon)
 41950 | Orc:1    | Entered Level 1 of the Orcish Mines
 42210 | Orc:2    | Entered Level 2 of the Orcish Mines
 42256 | Orc:2    | Found Sumuxzos's Antique Armour Boutique.
 42650 | Orc:2    | Found Xelynn's Jewellery Emporium.
 42677 | Orc:2    | Reached XP level 16. HP: 106/106 MP: 31/31
 42698 | Orc:2    | Slain by a hellwing

Levels and vault maps discovered:
D:1:      dpeg_arrival_solitude, layout_basic, chequers_mini_garden
D:2:      layout_loops_corners, nicolae_overflow_hidden_temple,
          minmay_small_reverse_x
D:3:      layout_basic, nicolae_overflow_crystal_walls, old_standard_altar,
          serial_bayou_pond_e, uniq_robin, uniq_terence
D:4:      layout_basic, lemuel_blue_sif_altar, first_ration
D:5:      minmay_recursive_quarters, layout_loops_ring, marbit_many_paths,
          gup_ossuary_entry_pyramid
D:6:      layout_loops_cross, vehumet_crystals, nicolae_ru_the_path_less_chosen,
          kennysheep_mini_moat
D:7:      layout_cave_pools, evilmike_ruin_ashenzari,
          minmay_temple_entry_slanted, kennysheep_crisscross, grunt_ogre_cave
D:8:      layout_loops_corners, old_standard_altar,
          nicolae_qazlal_style_of_elements, makhleb_heckhound_becter
D:9:      layout_loops_cross, nicolae_gozag_seed_capital, zombieorc1_lemuel
D:10:     layout_roguey [special_room_orc], serial_shops, shop, shop_coins,
          kennysheep_generic_room_15, uniq_erica, uniq_maurice, uniq_snorg
D:11:     layout_basic, grunt_lair_entry_orc_guard_hut, serial_glass,
          glass_columns_a, glass_columns_c, special_room [special_room_orc],
          small_statue_intersection, uniq_gastronok
D:12:     layout_rooms, kennysheep_generic_room_5
D:13:     layout_roguey, david_vaults_5, serial_glass, glass_columns_c,
          glass_columns_b, glass_columns_a, glass_columns_b, glass_columns_b,
          uniq_urug
D:14:     wad_bat_island, layout_basic, serial_glass, glass_columns_a,
          glass_columns_b, glass_columns_a, glass_columns_a, glass_columns_b,
          glass_columns_a, glass_columns_a, glass_columns_c, glass_columns_c,
          glass_columns_a, glass_columns_a, glass_columns_b, glass_columns_b,
          glass_columns_a, minmay_misc_feat_square
D:15:     gammafunk_depths_entry_grave, layout_stronghold,
          nicolae_dithmenos_shadow_blocks, serial_undead, serial_undead_c,
          serial_undead_a, serial_undead_e, serial_undead_b, minmay_evil_grid
Lair:1:   layout_layer_cave, grunt_megastairs_3
Lair:2:   layout_cave_shapes, swamp_mist, dummy_snake_entry,
          infiniplex_staircase_pool, grunt_megastairs_5, uniq_sonja
Lair:3:   layout_hall_layers
Lair:4:   layout_regular_city, serial_bayou_shore_b, grunt_megastairs_2
Lair:5:   layout_small_grid, dpeg_slime_entry_enclosed_altar, special_room
          [special_room_bee], grunt_forest_small_clearings
Lair:6:   hangedman_lair_tendril_chambers, layout_regular_city, wormcave,
          st_stairs_5
Orc:1:    layout_diamond_mine, serial_shops, basic_altar
Orc:2:    grunt_orc_gardens, layout_caves, grunt_orc_garden, grunt_orc_garden,
          grunt_orc_garden, grunt_orc_garden, serial_shops,
          nicolae_shop_temple_entry_statues_fountains,
          portal_ice_cave_entry_pillars_1, nicolae_orc_pool_cavern

Skill      XL: |  1  2  3  4  5  6  7  8  9 10 11 12 13 14 15 16 |
---------------+-------------------------------------------------+-----
Fighting       | 1 3 5 6 8 |  8.8
Hexes          | 4 5 6 7 9 |  9.0
Short Blades   | 2 3 4 |  4.1
Stealth        | 5 6 10 | 10.2
Spellcasting   | 3 4 5 6 8 11 12 | 12.0
Dodging        | 5 6 9 10 11 | 11.0
Invocations    | 5 7 |  7.1
Transmutations | 7 9 11 13 | 13.0
Unarmed Combat | 1 10 | 10.6

Action                   |  1- 3 |  4- 6 |  7- 9 | 10-12 | 13-15 | 16-18 || total
-------------------------+-------+-------+-------+-------+-------+-------++-------
Melee: Dagger            |    80 |   126 |   290 |   558 |   542 |       ||  1596
       Tentacles         |    14 |    27 |    60 |   127 |   192 |       ||   420
       Constrict         |    21 |    28 |    57 |    92 |   108 |       ||   306
       Punch             |       |       |       |    12 |    78 |       ||    90
       Unarmed           |       |       |       |     6 |   518 |    13 ||   537
       Tailslap          |       |       |       |       |    14 |       ||    14
       Bite              |       |       |       |       |     7 |       ||     7
Throw: Dart              |       |       |       |     3 |       |       ||     3
 Cast: Ensorcelled Hiber |     2 |    14 |    63 |   119 |    79 |       ||   277
       Corona            |       |    24 |    16 |    37 |    49 |       ||   126
       Confuse           |       |    10 |    32 |   100 |    84 |       ||   226
       Tukima's Dance    |       |     4 |     7 |    27 |     6 |       ||    44
       Sticks to Snakes  |       |       |       |    14 |    41 |       ||    55
       Blink             |       |       |       |     4 |       |       ||     4
       Blade Hands       |       |       |       |     2 |    44 |       ||    46
       Conjure Flame     |       |       |       |       |     1 |       ||     1
       Dragon Form       |       |       |       |       |    10 |     1 ||    11
Invok: Stomp             |       |       |     1 |     1 |     2 |       ||     4
       Line Pass         |       |       |       |       |     1 |       ||     1
       Grand Finale      |       |       |       |       |     1 |       ||     1
 Abil: End Transformatio |       |       |       |       |     2 |       ||     2
Evoke: Wand              |       |       |       |     9 |     6 |       ||    15
       Phial of floods   |       |       |       |       |     1 |       ||     1
       Lamp of fire      |       |       |       |       |     1 |       ||     1
  Use: Scroll            |     1 |     3 |     8 |     7 |    15 |     1 ||    35
       Potion            |       |       |     1 |       |    11 |       ||    12
 Stab: Sleeping          |    11 |    10 |    35 |    57 |    86 |       ||   199
       Confused          |       |     4 |    13 |    43 |    42 |       ||   102
       Paralysed         |       |       |     4 |    11 |    67 |     4 ||    86
       Distracted        |       |       |       |     6 |     4 |       ||    10
  Eat: Chunk             |     2 |     6 |    11 |    30 |    41 |       ||    90
       Ration            |       |     2 |     4 |     5 |    11 |       ||    22
Armor: Skin              |     6 |     7 |    17 |    19 |    91 |    13 ||   153
Dodge: Dodged            |    43 |    73 |   135 |   469 |   812 |    16 ||  1548

Table legend:
 A = Non-vault XP
 B = Vault XP
 C = Vault XP percentage of total XP
 D = Non-vault monster count
 E = Vault monster count
 F = Vault count percentage of total count
                 A         B        C        D         E       F
            +---------+---------+-------+---------+---------+-------
      Total |   86050 |   44707 |  34.2 |     526 |     249 |  32.1
            +---------+---------+-------+---------+---------+-------
        D:1 |      51 |       0 |   0.0 |      26 |       0 |   0.0
        D:2 |      39 |      17 |  30.4 |      15 |       3 |  16.7
        D:3 |     401 |      70 |  14.9 |      25 |      14 |  35.9
        D:4 |     187 |       0 |   0.0 |       8 |       0 |   0.0
        D:5 |     413 |      36 |   8.0 |       5 |       3 |  37.5
        D:6 |     960 |       0 |   0.0 |      20 |       0 |   0.0
        D:7 |    1240 |      77 |   5.8 |      31 |       1 |   3.1
        D:8 |    1140 |      43 |   3.6 |      15 |       1 |   6.2
        D:9 |    2359 |     934 |  28.4 |      33 |      31 |  48.4
       D:10 |    1998 |     789 |  28.3 |      20 |      25 |  55.6
       D:11 |    5551 |    3351 |  37.6 |      32 |      32 |  50.0
       D:12 |    7921 |     490 |   5.8 |      38 |       2 |   5.0
       D:13 |    5354 |    2481 |  31.7 |      25 |       4 |  13.8
       D:14 |    8575 |    1004 |  10.5 |      33 |      10 |  23.3
       D:15 |   14821 |   11441 |  43.6 |      42 |      22 |  34.4
     Lair:1 |    4067 |     143 |   3.4 |      14 |       1 |   6.7
     Lair:2 |    6335 |    1280 |  16.8 |      27 |       2 |   6.9
     Lair:3 |    2872 |       0 |   0.0 |      13 |       0 |   0.0
     Lair:4 |    4379 |     442 |   9.2 |      19 |       6 |  24.0
     Lair:5 |    9561 |    2283 |  19.3 |      31 |      16 |  34.0
     Lair:6 |    5019 |   15063 |  75.0 |      19 |      52 |  73.2
      Orc:1 |     688 |       0 |   0.0 |      16 |       0 |   0.0
      Orc:2 |    2119 |    4710 |  69.0 |      19 |      16 |  45.7
    Ossuary |       0 |      53 | 100.0 |       0 |       8 | 100.0
            +---------+---------+-------+---------+---------+-------
